 Dungeon Crawl Stone Soup version 0.29.1-12-g30fa7ad0bf (webtiles) character file.

Game seed: 18401438212735053235

70 FexLirch the Gusty (level 4, -2/24 HPs)
             Began as a Tengu Air Elementalist on Jan 11, 2023.
             Killed from afar by a dart slug (6 damage)
             ... with a slug dart
             ... on level 5 of the Dungeon.
             The game lasted 00:04:41 (1796 turns).

FexLirch the Gusty (Tengu Air Elementalist)         Turns: 1796, Time: 00:04:42

Health: -2/24      AC: -2    Str: 15    XL:     4   Next: 21%
Magic:  1/9        EV: 12    Int: 17    God:
Gold:   35         SH:  0    Dex: 14    Spells: 2/8 levels left

rFire   . . .      SeeInvis .   (no weapon)
rCold   + . .      Faith    .   (no shield)
rNeg    . . .      Spirit   .   a - +0 robe
rPois   .          Reflect  .   (helmet restricted)
rElec   .          Harm     .   (no cloak)
rCorr   .          Rampage  .   (no gloves)
Will    .....                   (boots unavailable)
Stlth   ++........              (no amulet)
HPRegen 0.08/turn               m - +6 ring of strength
MPRegen 0.11/turn               g - ring of protection from cold

@: corroded
A: beak, talons 3
a: no special abilities


You were on level 5 of the Dungeon.
You visited 1 branch of the dungeon, and saw 5 of its levels.

You collected 35 gold pieces.

Inventory:

Hand Weapons
 n - a +0 dagger
Armour
 a - a +0 robe (worn)
Jewellery
 f - a ring of ice
 g - a ring of protection from cold (right hand)
 m - a +6 ring of strength (left hand)
Scrolls
 d - a scroll of enchant weapon {unknown}
 i - a scroll of identify {unknown}
 k - a scroll of poison {unknown}
 l - a scroll of amnesia
Potions
 b - a potion of magic
 c - a potion of resistance {unknown}
 e - a potion of curing
 h - a potion of heal wounds {unknown}
 j - a potion of mutation {unknown}


   Skills:
 - Level 2.1 Dodging
 - Level 2.0 Stealth
 + Level 2.8 Spellcasting
 + Level 3.1 Conjurations
 + Level 5.0 Air Magic


You had 2 spell levels left.
You knew the following spells:

 Your Spells              Type           Power      Damage    Failure   Level
a - Shock                 Conj/Air       64%        1d7       3%          1
b - Static Discharge      Conj/Air       16%        3-5/arc   4%          2
c - Swiftness             Air            19%        N/A       7%          3

Your spell library contained the following spells:

 Spells                   Type           Power      Damage    Failure   Level
 Airstrike                Air            9%         2d(2-18)  22%         4


Dungeon Overview and Level Annotations

Branches:
Dungeon (5/15)
 Temple: D:4-7

Altars:

Shops:
D:1 :

Annotations:
D:3 Ijyb
D:4 exclusion: upstairs, Sigmund


Innate Abilities, Weirdness & Mutations

You have a beak for a mouth.
You have claws for feet.


Message History

The jelly hits you. The acid corrodes you!
You are splashed with acid!
Unknown command.
Casting: Static Discharge (safe; 6% risk of failure)
Confirm with . or Enter, or press ? or * to list all spells.
The jelly is struck by an arc of lightning.
The jelly is severely wounded.
You are struck by an arc of lightning.
The lightning grounds out.
The jelly barely misses you.
Casting: Static Discharge (safe; 6% risk of failure)
Confirm with . or Enter, or press ? or * to list all spells.
The jelly is struck by an arc of lightning.
The jelly is almost dead.
You are struck by an arc of lightning.
* * * LOW HITPOINT WARNING * * *
The jelly is struck by an arc of lightning.
You kill the jelly!
You are struck by an arc of lightning.
* * * LOW HITPOINT WARNING * * *
The lightning grounds out.
Your Conjurations skill increases to level 3!
Your Air Magic skill increases to level 5!
You have reached level 4!
You feel stronger.
Casting: Static Discharge (safe; 4% risk of failure)
Confirm with . or Enter, or press ? or * to list all spells.
Aiming: Shock (safe; 3% risk of failure)
Press: ? - help, Shift-Dir - straight line, f - dart slug
Aim: a dart slug (100% to hit)
The zap hits the dart slug.
The dart slug is moderately wounded.
The dart slug launches a dart at you. The slug dart misses you.
You hit the dart slug but do no damage. You peck the dart slug.
The dart slug is moderately wounded.
The dart slug barely misses you.
You see here a +0 dagger.
n - a +0 dagger The dart slug launches a dart at you.
The slug dart hits you.
You die...

###+### #.....#
###.....#
♣.......#
##♣~P.....# ♣♣
..~.~..<..##♣ P~♣P
##~~P......(♣~~~~~
...P♣..!..##~~~~~~
.........w@~~P~P~~
#####..$..~~~~~~~~
#.....♣~~..~♣P
#.......~.....
#.............
#...~P~~......
#.##♣♣♣PP~~~~. #.
♣~P~~~P # #


You could see a dart slug.

Vanquished Creatures
  A jelly (D:5)
  An adder (D:4)
  2 dart slugs (D:1)
  2 endoplasms (D:1)
  4 goblins (D:1)
  3 hobgoblins (D:1)
  4 quokkas
  2 ball pythons
  5 frilled lizards
  3 kobolds
27 creatures vanquished.

Notes
Turn   | Place    | Note
-------+----------+-------------------------------------------
     0 | D:1      | FexLirch the Tengu Air Elementalist began the quest for the
                  | Orb.
     0 | D:1      | Reached XP level 1. HP: 10/10 MP: 4/4
   192 | D:1      | Found a faded altar of an unknown god.
   262 | D:1      | Reached XP level 2. HP: 10/15 MP: 0/6
   697 | D:1      | Found Jifore's Book Shop.
   985 | D:1      | Reached XP level 3. HP: 17/19 MP: 3/7
   988 | D:1      | Learned a level 2 spell: Static Discharge
   992 | D:1      | Learned a level 3 spell: Swiftness
  1505 | D:2      | You fall into a shaft and drop 1 floor!
  1569 | D:3      | Noticed Ijyb
  1591 | D:4      | Noticed Sigmund
  1711 | D:5      | Entered Level 5 of the Dungeon
  1775 | D:4      | Noticed a lemure
  1791 | D:5      | Reached skill level 5 in Air Magic
  1791 | D:5      | Reached XP level 4. HP: 4/24 MP: 1/9
  1796 | D:5      | Killed from afar by a dart slug

Illustrated notes

Levels and vault maps discovered:
D:1:      minmay_arrival_glassed_features, layout_loops_corners, serial_shops,
          nicolae_shop_waterfront, shapermc_ecumenical_altar_totnotflames
D:2:      layout_basic
D:3:      layout_loops_ring, mainiacjoe_overflow_cross_hatched, serial_shops,
          nicolae_shop_behind_doors, bh_walls_and_bars, uniq_ijyb, uniq_robin
D:4:      layout_rooms, temple_statues, cheibrodos_sewer_entry_bend,
          uniq_sigmund, uniq_crazy_yiuf_cottage, uniq_pikel
D:5:      layout_basic, serial_bayou, serial_bayou_pond_e, serial_bayou_ford_a,
          serial_bayou_shore_a, serial_bayou_pond_e, uniq_menkaure

Skill      XL: |  1  2  3 |
---------------+----------+-----
Conjurations   | 2 3 |  3.1
Air Magic      | 5 |  5.0
Dodging        | |  2.1
Stealth        | |  2.0
Spellcasting   | |  2.8

Action                   |  1- 3 |  4- 6 || total
-------------------------+-------+-------++-------
Melee: Unarmed           |     5 |     1 ||     6
       Peck              |     2 |     1 ||     3
 Cast: Shock             |    50 |     1 ||    51
       Static Discharge  |     3 |       ||     3
  Use: Scroll            |     2 |       ||     2
       Potion            |     1 |       ||     1
Armor: Robe              |     2 |       ||     2
Dodge: Dodged            |    14 |     2 ||    16
